 Dungeon Crawl Stone Soup version 0.26.0-90-g5fd8617961 (webtiles) character file.

Game seed: 4598987562541197284

65 Gadfly the Cudgeller (level 4, -3/44 HPs)
             Began as an Ogre Gladiator on Feb 2, 2021.
             Was an Initiate of Elyvilon.
             Slain by a gnoll
             ... wielding a +0 halberd
              (8 damage)
             ... on level 2 of the Dungeon.
             The game lasted 00:02:07 (1793 turns).

Gadfly the Cudgeller (Ogre Gladiator)               Turns: 1793, Time: 00:02:07

Health: -3/44      AC:  5    Str: 19    XL:     4   Next: 14%
Magic:  5/5        EV: 10    Int:  9    God:    Elyvilon [......]
Gold:   44         SH:  0    Dex: 10    Spells: 3/3 levels left

rFire    . . .     SeeInvis .   a - +0 flail
rCold    . . .     Faith    .   (no shield)
rNeg     . . .     Spirit   .   b - +0 robe
rPois    .         Reflect  .   c - +1 hat
rElec    .         Harm     .   i - +0 cloak
rCorr    .         Rampage  .   (gloves unavailable)
Will     .....                  (boots unavailable)
Stlth    +.........             (no amulet)
HPRegen  0.14/turn              (no ring)
MPRegen  0.09/turn              (no ring)

@: mighty
A: large, unfitting armour, tough skin 1
a: Renounce Religion


You were on level 2 of the Dungeon.
You worshipped Elyvilon.
Elyvilon was noncommittal.
You visited 1 branch of the dungeon, and saw 2 of its levels.

You collected 44 gold pieces.

Inventory:

Hand Weapons
 a - a +0 flail (weapon)
Missiles
 d - 3 throwing nets
 j - 8 boomerangs
 n - 24 stones (quivered)
Armour
 b - a +0 robe (worn)
 c - a +1 hat (worn)
 i - a +0 cloak (worn)
Wands
 g - a wand of paralysis (12)
Scrolls
 l - a scroll of enchant armour
Potions
 e - a potion of mutation {unknown}
 f - a potion of resistance
 h - a potion of ambrosia
 m - a potion of lignification
 p - a potion of might


   Skills:
 - Level 2.6 Fighting
 + Level 2.9 Maces & Flails
 + Level 2.3 Throwing
 * Level 1.2 Armour
 - Level 2.6 Dodging
 * Level 1.7 Invocations
 * Level 1.3 Evocations


You had 3 spell levels left.
You didn't know any spells.
Your spell library was empty.

Dungeon Overview and Level Annotations

Branches:
Dungeon (2/15)

Altars:
Dithmenos
Elyvilon
Vehumet


Innate Abilities, Weirdness & Mutations

You are too large for most types of armour.
You have tough skin. (AC +1)


Message History

The gnoll barely misses you.
Found a glowing spear.
Things that are here:
a +0 club; a gnoll corpse You barely miss the gnoll.
The gnoll hits you but does no damage. The gnoll barely misses you.
You sock the gnoll!
The gnoll is almost dead.
The gnoll barely misses you. x2
You thump the gnoll!
You kill the gnoll!
The gnoll hits you but does no damage.
You have reached level 4!
The gnoll hits you with a +0 halberd!
* * * LOW HITPOINT WARNING * * *
You see here a gnoll corpse.
You barely miss the gnoll. The gnoll hits you with a +0 halberd!
* * * LOW HITPOINT WARNING * * *
You closely miss the gnoll. The gnoll hits you with a +0 halberd!
You die...

.#### ## # # # #
# #####
######...#####
#...g@)......##
.)..####.........
# ##'####.#
##8.8## ##.....##
##8.....8##
##.........##
####..
#8.........8#
.....
+.....[.....+


You could see a gnoll.

Vanquished Creatures
  2 gnolls (D:2)
  An adder (D:2)
  An ooze (D:2)
  A worm (D:2)
  2 dart slugs (D:1)
  2 bats
  5 goblins (D:1)
  4 hobgoblins
  A quokka (D:2)
  4 frilled lizards
  2 kobolds (D:1)
  4 rats (D:1)
29 creatures vanquished.

Notes
Turn   | Place    | Note
-------+----------+-------------------------------------------
     0 | D:1      | Gadfly the Ogre Gladiator began the quest for the Orb.
     0 | D:1      | Reached XP level 1. HP: 22/22 MP: 1/1
   276 | D:1      | Reached XP level 2. HP: 23/29 MP: 2/2
   731 | D:1      | Reached skill level 1 in Invocations
  1195 | D:2      | Reached XP level 3. HP: 36/36 MP: 3/3
  1288 | D:2      | Found a radiant altar of Vehumet.
  1322 | D:2      | Reached skill level 1 in Armour
  1322 | D:2      | Reached skill level 1 in Evocations
  1567 | D:2      | Found a white marble altar of Elyvilon.
  1596 | D:2      | Became a worshipper of Elyvilon the Healer
  1751 | D:2      | Found a shadowy altar of Dithmenos.
  1791 | D:2      | Reached XP level 4. HP: 21/44 MP: 5/5
  1793 | D:2      | Slain by a gnoll

Illustrated notes

Levels and vault maps discovered:
D:1:      nzn_arrival_crosshair, layout_rooms, minmay_hexomino_u4
D:2:      layout_loops_cross, elyvilon_altar_1, vehumet_crystals,
          grunt_dithmenos_smoke, dk_noncrumbling_4, grunt_ministairs_8,
          minmay_misc_feat_rugged

Skill      XL: |  1  2  3 |
---------------+----------+-----
Invocations    | 1 |  1.7
Armour         | 1 |  1.2
Evocations     | 1 |  1.3
Fighting       | |  2.6
Maces & Flails | |  2.9
Throwing       | |  2.3
Dodging        | |  2.6

Action                   |  1- 3 |  4- 6 || total
-------------------------+-------+-------++-------
Melee: Flail             |    96 |     2 ||    98
Throw: Stone             |     5 |       ||     5
  Use: Scroll            |     6 |       ||     6
       Potion            |     2 |       ||     2
Armor: Robe              |    48 |       ||    48
Dodge: Dodged            |    74 |       ||    74
